 Dungeon Crawl Stone Soup version 0.29-a0-275-g389c0b56f3 (webtiles) character file.

Game seed: 5903890251134937517

53 siradein the Shooter (level 3, -2/37 HPs)
             Began as an Ogre Hunter on Mar 10, 2022.
             Slain by a goblin
             ... wielding a +0 club
             ... led by Robin
              (6 damage)
             ... on level 2 of the Dungeon.
             The game lasted 00:02:55 (1298 turns).

siradein the Shooter (Ogre Hunter)                  Turns: 1298, Time: 00:02:56

Health: -2/37      AC:  3    Str: 16    XL:     3   Next: 87%
Magic:  3/3        EV: 10    Int: 12    God:
Gold:   35         SH:  0    Dex: 11    Spells: 2/2 levels left

rFire   . . .      SeeInvis .   a - +1 shortbow
rCold   . . .      Faith    .   (shield currently unavailable)
rNeg    . . .      Spirit   .   b - +0 robe
rPois   .          Reflect  .   (helmet restricted)
rElec   .          Harm     .   (no cloak)
rCorr   .          Rampage  .   (gloves unavailable)
Will    .....                   (boots unavailable)
Stlth   +.........              (no amulet)
HPRegen 0.12/turn               (no ring)
MPRegen 0.08/turn               (no ring)

@: no status effects
A: large, unfitting armour, tough skin 1
a: no special abilities


You were on level 2 of the Dungeon.
You visited 1 branch of the dungeon, and saw 2 of its levels.

You collected 35 gold pieces.

Inventory:

Hand Weapons
 a - a +1 shortbow (weapon)
Armour
 b - a +0 robe (worn)
Scrolls
 c - a scroll of immolation
 d - 6 scrolls of identify {unknown}
 f - a scroll of magic mapping {unknown}
 h - a scroll of amnesia {unknown}
Potions
 e - a potion of flight {unknown}
 g - a potion of brilliance {unknown}


   Skills:
 + Level 3.4 Fighting
 + Level 3.6 Bows
 + Level 2.2 Dodging
 - Level 0.6 Stealth


You had 2 spell levels left.
You didn't know any spells.
Your spell library contained the following spells:

 Spells                   Type           Power      Damage    Failure   Level
 Sandblast                Erth           0%         2d4       32%         1
 Passwall                 Tmut/Erth      0%         N/A       45%         2
 Stone Arrow              Conj/Erth      0%         3d7       69%         3
 Blade Hands              Tmut           0%         N/A       100%        5
 Irradiate                Conj/Tmut      0%         3d13      100%        5
 Dragon Form              Tmut           0%         N/A       100%        7


Dungeon Overview and Level Annotations

Branches:
Dungeon (2/15)

Altars:

Annotations:
D:2 Robin


Innate Abilities, Weirdness & Mutations

You are too large for most types of armour.
You have tough skin. (AC +1)


Message History

Really attack while wielding your +1 shortbow?
Okay, then.
The goblin attacks as you move away! The goblin hits you with a +0 club.
Shoot: a) +1 shortbow
Press: ? - help, Q - select action Shift-Dir - straight line, f/p - goblin
Aim: a goblin, wielding a +0 dagger (moderately wounded, strong, 51% to hit)
You shoot an arrow. The arrow hits the goblin!
You kill the goblin!
The goblin closely misses you.
Shoot: a) +1 shortbow
Press: ? - help, Q - select action Shift-Dir - straight line, f - goblin
Aim: a goblin, wielding a +0 club (strong, 51% to hit)
You shoot an arrow. The arrow hits the goblin.
The goblin is moderately wounded.
The goblin barely misses you.
Robin roars a battlecry!
The goblin goes into a battle-frenzy!
The goblin hits you with a +0 club.
Shoot: a) +1 shortbow
Press: ? - help, Q - select action Shift-Dir - straight line, f/p - goblin
Aim: a goblin, wielding a +0 club (moderately wounded, strong, 51% to hit)
You shoot an arrow. The arrow barely misses the goblin.
The goblin no longer looks unusually strong.
The goblin barely misses you. The goblin hits you but does no damage.
The goblin hits you with a +0 club.
* * * LOW HITPOINT WARNING * * *
The goblin hits you but does no damage.
Shoot: a) +1 shortbow
Press: ? - help, Q - select action Shift-Dir - straight line, f/p - goblin
Aim: a goblin, wielding a +0 club (moderately wounded, 51% to hit)
You shoot an arrow. The arrow barely misses the goblin.
The goblin completely misses you. The goblin hits you with a +0 club.
* * * LOW HITPOINT WARNING * * *
Shoot: a) +1 shortbow
Press: ? - help, Q - select action Shift-Dir - straight line, f/p - goblin
Aim: a goblin, wielding a +0 club (moderately wounded, 51% to hit)
You shoot an arrow. The arrow hits the goblin.
You kill the goblin!
The goblin hits you with a +0 club.
You die...

.....# #...###.
#.#.######†..##.. ##
#.........†...g. #
#.###.............. ..#.
#.#..........(g... ###
.....##..#†####.....#### ..#
#....))g.ggg.#...# #.#
####)#.###.).#...# #.#
#@#g###.#.#...# #.########
##g#.#.........# #........#
#.gg...........# ##.......#
####..#..#..#.#...#
#.......###.............###.#
#...........##.#.#....... ...
#.......######.#...#..###
.#:# #.......# #.##.##....
.#... #.......# #.< .......
##


You could see Robin and 2 goblins.

Vanquished Creatures
  An adder (D:2)
  2 ball pythons
  5 bats
  3 endoplasms (D:1)
  3 giant cockroaches (D:1)
  5 hobgoblins
  A quokka (D:1)
  A frilled lizard (D:1)
  9 goblins
  4 kobolds
  4 rats
38 creatures vanquished.

Notes
Turn   | Place    | Note
-------+----------+-------------------------------------------
     0 | D:1      | siradein the Ogre Hunter began the quest for the Orb.
     0 | D:1      | Reached XP level 1. HP: 22/22 MP: 1/1
    96 | D:1      | Reached XP level 2. HP: 27/29 MP: 2/2
   327 | D:1      | Reached XP level 3. HP: 36/36 MP: 3/3
   734 | D:1      | Found a faded altar of an unknown god.
  1254 | D:2      | Noticed Robin
  1298 | D:2      | Slain by a goblin

Illustrated notes

Levels and vault maps discovered:
D:1:      amcnicky_arrival_abandoned_market, layout_basic,
          dilly_ecumenical_altar_fadedgnrine, kennysheep_small_spiral
D:2:      layout_loops_cross, uniq_robin, uniq_sigmund, uniq_natasha

Skill      XL: |  1  2  3 |
---------------+----------+-----
Bows           | 3 |  3.6
Dodging        | 2 |  2.2
Fighting       | 3 |  3.4
Stealth        | |  0.6

Action                   || total
-------------------------++-------
 Fire: Shortbow          ||   100
Armor: Robe              ||    29
Dodge: Dodged            ||    35

Table legend: (Time is in decaauts)
 A = Elapsed time spent in this place.
 B = Non-inter-level travel time spent in this place.
 C = Inter-level travel time spent in this place.
 D = Time resting spent in this place.
 E = Time spent auto-exploring this place.
 F = Levels seen in this place.
 G = Mean time per level.
                   A        B        C        D        E       F      G
               +--------+--------+--------+--------+--------+-----+--------+
         Total |   1330 |   1303 |     27 |      2 |   1089 |   2 |  665.0 |
       Dungeon |   1330 |   1303 |     27 |      2 |   1089 |   2 |  665.0 |
               +--------+--------+--------+--------+--------+-----+--------+

Top non-repeatable levels by time:
     D:1: 1148 daAuts
     D:2: 182 daAuts
